 Dungeon Crawl Stone Soup version 0.19-a0-1922-g1e9a4c1 (webtiles) character file.

2 Laraso the Gusty (level 1, 0/10 HPs)
             Began as a Gargoyle Air Elementalist on Oct 25, 2016.
             Slain by a gnoll
             ... wielding a +0 spear
              (3 damage)
             ... on level 1 of the Dungeon.
             The game lasted 00:01:12 (242 turns).

Laraso the Gusty (Gargoyle Air Elementalist)         Turns: 242, Time: 00:01:13

Health: 0/10       AC:  4    Str: 11    XL:     1   Next: 40%
Magic:  1/3        EV: 12    Int: 15    God:
Gold:   27         SH:  0    Dex: 10    Spells: 1 memorised, 3 levels left

rFire  . . .     SeeInvis .     a - +0 dagger
rCold  . . .     Gourm    .     g - +0 robe (curse)
rNeg   + . .     Faith    .     (no shield)
rPois  ∞         Spirit   .     (no helmet)
rElec  +         Reflect  .     (no cloak)
rCorr  .         Harm     .     (no gloves)
MR     .....                    (no boots)
Stlth  ++........               (no amulet)
                                (no ring)
                                (no ring)

@: no status effects
A: negative energy resistance 1, electricity resistance, unbreathing,
petrification resistance, rot immunity, AC +2
a: no special abilities


You were on level 1 of the Dungeon.
You were not hungry.

You visited 1 branch of the dungeon, and saw 1 of its levels.

You collected 27 gold pieces.

Inventory:

Hand Weapons
 a - a +0 dagger (weapon)
Armour
 g - a cursed +0 robe (worn)
Potions
 e - a potion of degeneration {unknown}
Books
 b - a book of Air

   Spells                             Type                      Level
   a - Shock                          Conjuration/Air              1
   b - Swiftness                      Charms/Air                   2
   c - Repel Missiles                 Charms/Air                   2
   d - Static Discharge               Conjuration/Air              3
   e - Lightning Bolt                 Conjuration/Air              5
Comestibles
 c - a bread ration
 f - a chunk of flesh


   Skills:
 - Level 1.5 Dodging
 - Level 2.1 Stealth
 - Level 2.0 Spellcasting
 * Level 1.5 Conjurations
 - Level 2.4 Air Magic


You had 3 spell levels left.
You knew the following spells:

 Your Spells              Type           Power        Failure   Level  Hunger
a - Shock                 Conj/Air       #...         12%         1    #......


Dungeon Overview and Level Annotations

Branches:
Dungeon (1/15)

Altars:


Innate Abilities, Weirdness & Mutations

You are resistant to torment.
Your stone body is resilient. (AC +2)
You are immune to poison.
You resist negative energy. (rN+)
You are resistant to electric shocks. (rElec)
You can survive without breathing.
You are immune to petrification.
You are immune to rotting.


Message History

You finish taking off your +0 robe.
You start putting on your armour.
You continue putting on your robe. x5
You finish putting on your cursed +0 robe.
Oops, that feels deathly cold.
Drop what? 7/52 slots (_ for help) (? for menu, Esc to quit)
You drop a +0 robe.
As you read the scroll labeled MEAKAH UXAECSE, it crumbles to dust.
It is a scroll of enchant weapon.
You aren't carrying any weapons that can be enchanted.
Things that are here:
a dagger; 4 stones
a - a dagger Wield which item (- for none, * to show all)? (? for menu, Esc to quit)
a - a +0 dagger (weapon)
You now have 27 gold pieces (gained 14).
A giant cockroach comes into view.
A giant cockroach is nearby!
The giant cockroach misses you.
You hit the giant cockroach. The giant cockroach closely misses you.
The zap hits the giant cockroach. x2; The zap misses you.
The giant cockroach bites you but does no damage.
You now have 2/3 mp.
Unknown command.
The giant cockroach bites you.
You take 1 damage, and have 9/10 hp.
You hit the giant cockroach.
You kill the giant cockroach!
You see here a giant cockroach corpse.
There isn't anything here!
You start resting.
MP restored: 3 You start resting.
Health restored: 10 Unknown command.
A gnoll comes into view. It is wielding a spear.
You see here a ring mail.
A gnoll is nearby!
A gnoll is nearby!
Aim: a gnoll, wielding a spear (resting)
The zap hits the gnoll.
The gnoll shouts!
The gnoll moves out of view.
You now have 2/3 mp.
You start resting.
The zap hits the gnoll. x2
You now have 1/3 mp.
The zap hits the gnoll. x2; The gnoll appears unharmed.
A goblin comes into view. It is wielding a club.
You now have 0/3 mp.
Unknown command.
The zap hits the gnoll.
The zap misses the gnoll.
The gnoll barely misses you.
You now have 0/3 mp.
Unknown command.
The gnoll hits you with a spear!
Ouch! That really hurt!
* * * LOW HITPOINT WARNING * * *
You take 7 damage, and have 3/10 hp.
MASSIVE DAMAGE!!
You barely miss the gnoll. The gnoll hits you with a spear.
You die...

##[..## ##.###.## ##.##
##.####### ######## #..#
#.......###### .......###..##
##............#
.#####...((..###.######.####.#
#[..............## #.# #.#
#.########.###.########.# #.#
#.# #.# #.g@.......# #.# #.#
###.# ##########.# ##.## #.#
#...# #.###>#.## #.# #.###
#....###.# ... #.# #...#.#.##
#.# #.# #######...##.## #.#
#†########.........####
#..........######..#
#########..# ###..#


You could see a gnoll.

Vanquished Creatures
  A giant cockroach (D:1)
  A bat (D:1)
  A kobold (D:1)
3 creatures vanquished.

Notes
Turn   | Place    | Note
-------+----------+-------------------------------------------
     0 | D:1      | Laraso the Gargoyle Air Elementalist began the quest for the Orb.
     0 | D:1      | Reached XP level 1. HP: 10/10 MP: 3/3
   241 | D:1      | HP: 3/10 [gnoll/spear (7)]
   242 | D:1      | Slain by a gnoll

Vault maps used:
D:1:      tarquinn_simple_flora_water_f, fountainhead

Action                   || total
-------------------------++-------
Melee: Dagger            ||     3
 Cast: Shock             ||     7
  Use: Scroll            ||     1
Armor: Robe              ||     1
Dodge: Dodged            ||     4

Table legend:
 A = Kills in this place as a percentage of kills in entire the game.
 B = Kills by you in this place as a percentage of kills by you in the entire game.
 C = Kills by friends in this place as a percentage of kills by friends in the entire game.
 D = Other kills in this place as a percentage of other kills in the entire game.
 E = Experience gained in this place as a percentage of experience gained in the entire game.
 F = Experience gained in this place divided by the number of levels of this place that you have seen.
                   A       B       C       D       E      F
               +-------+-------+-------+-------+-------+----------------------
         Total | 100.0 | 100.0 |  -nan |  -nan | 100.0 |   4.0
       Dungeon | 100.0 | 100.0 |  -nan |  -nan | 100.0 |   4.0
               +-------+-------+-------+-------+-------+----------------------

Table legend:
 A = Turns spent in this place as a percentage of turns spent in the entire game.
 B = Non-inter-level travel turns spent in this place as a percentage of non-inter-level travel turns spent in the entire game.
 C = Inter-level travel turns spent in this place as a percentage of turns spent in this place.
 D = Turns resting spent in this place as a percentage of non-inter-level travel turns spent in this place.
 E = Turns spent auto-exploring this place as a percentage of non-inter-level travel turns spent in this place.
 F = Non-inter-level travel turns spent in this place divided by the number of levels of this place that you've seen.
                   A       B       C       D       E      F
               +-------+-------+-------+-------+-------+----------------------
         Total | 100.0 | 100.0 |   0.0 |   9.0 |   7.0 | 100.0
       Dungeon | 100.0 | 100.0 |   0.0 |   9.0 |   7.0 | 100.0
               +-------+-------+-------+-------+-------+----------------------

Vault maps used:
D:1:      tarquinn_simple_flora_water_f, fountainhead
